 Dungeon Crawl Stone Soup version 0.29-a0-994-gc5c9f59d18 (webtiles) character file.

Game seed: 9960514608389576728

148 Nato the Chopper (level 5, -7/45 HPs)
             Began as a Hill Orc Fighter on Aug 4, 2022.
             Killed by divine providence
             ... invoked by an orc priest
              (11 damage)
             ... on level 3 of the Dungeon.
             The game lasted 00:03:06 (1868 turns).

Nato the Chopper (Hill Orc Fighter)                 Turns: 1868, Time: 00:03:06

Health: -7/45      AC:  6    Str: 21    XL:     5   Next: 30%
Magic:  5/5        EV:  9    Int:  8    God:
Gold:   98         SH:  4    Dex: 10    Spells: 4/4 levels left

rFire   . . .      SeeInvis .   a - +0 war axe
rCold   . . .      Faith    .   c - +0 buckler
rNeg    . . .      Spirit   .   b - +0 scale mail
rPois   .          Reflect  .   (no helmet)
rElec   .          Harm     .   (no cloak)
rCorr   .          Rampage  .   (no gloves)
Will    .....                   (no boots)
Stlth   ..........              (no amulet)
HPRegen 0.15/turn               (no ring)
MPRegen 0.09/turn               (no ring)

@: no status effects
A: no striking features
a: Convert to Beogh


You were on level 3 of the Dungeon.
You visited 1 branch of the dungeon, and saw 3 of its levels.

You collected 98 gold pieces.

Inventory:

Hand Weapons
 a - a +0 war axe (weapon)
 m - a +3 sling
Armour
 b - a +0 scale mail (worn)
 c - a +0 buckler (worn)
Scrolls
 f - 3 scrolls of identify {unknown}
 h - 6 scrolls of teleportation {unknown}
 i - 2 scrolls of magic mapping {unknown}
 k - 2 scrolls of enchant armour {unknown}
Potions
 d - a potion of might
 e - a potion of curing {unknown}
 g - a potion of lignification {unknown}
 j - a potion of haste {unknown}
 l - a potion of degeneration {unknown}
 n - a potion of resistance {unknown}
 o - a potion of mutation {unknown}


   Skills:
 - Level 3.6 Fighting
 + Level 7.1 Axes
 - Level 3.2 Armour
 - Level 3.2 Shields


You had 4 spell levels left.
You didn't know any spells.
Your spell library contained the following spells:

 Spells                   Type           Power      Damage    Failure   Level
 Summon Guardian Golem    Hex/Summ       0%         N/A       99%         3
 Orb of Destruction       Conj           0%         9d5       100%        7
 Spellforged Servitor     Conj/Summ      0%         N/A       100%        7


Dungeon Overview and Level Annotations

Branches:
Dungeon (3/15)

Altars:

Shops:
D:3 (

Annotations:
D:2 Sigmund


Message History

The orc hits you with a +1 hand axe of flaming.
The orc burns you.
Your Axes skill increases to level 7!
You are too injured to fight recklessly!
You are too injured to fight recklessly!
You hit the orc.
You kill the orc!
The orc priest mumbles some strange prayers to Beogh against you.
Beogh smites you!
* * * LOW HITPOINT WARNING * * *
Things that are here:
a +1 hand axe of flaming; a +0 club; an orc corpse You are too injured to fight recklessly!
You are too injured to fight recklessly!
You are too injured to fight recklessly!
You hit the orc priest.
The orc priest is moderately wounded.
The orc priest hits you with a +0 club.
* * * LOW HITPOINT WARNING * * *
You hit the orc priest.
The orc priest is moderately wounded.
The orc priest hits you but does no damage.
You completely miss the orc priest.
The orc priest is moderately wounded.
The orc priest begins to cast a cantrip, but forgets the words!
You barely miss the orc priest.
The orc priest is moderately wounded.
The orc priest hits you with a +0 club.
* * * LOW HITPOINT WARNING * * *
The orc priest invokes the aid of Beogh against you.
Pain shoots through your body!
* * * LOW HITPOINT WARNING * * *
You barely miss the orc priest.
The orc priest is moderately wounded.
The orc priest closely misses you.
You hit the orc priest.
The orc priest is heavily wounded.
The orc priest mumbles some strange prayers to Beogh against you.
Beogh smites you!
You die...

..# #.# ###.# ...##
#...# #.#.## $#
#######.#..####...##
...)........o.))....
#######.##.@###...#.
#.###.# ## #.# #.#
#.# #.# #.# #.#
#######.# #.#
#.......# #.#
#.......# #.##
#.......###..######.#


You could see an orc priest.

Vanquished Creatures
  An orc priest (D:3)
  An orc wizard (D:3)
  2 gnolls (D:1)
  2 adders (D:2)
  3 orcs (D:3)
  5 endoplasms
  3 giant cockroaches
  7 goblins
  3 hobgoblins (D:1)
  A quokka (D:1)
  7 ball pythons
  4 bats
  7 frilled lizards
  5 kobolds (D:1)
  3 rats
54 creatures vanquished.

Vanquished Creatures (others)
  5 toadstools (D:1)
5 creatures vanquished.

Grand Total: 59 creatures vanquished

Notes
Turn   | Place    | Note
-------+----------+-------------------------------------------
     0 | D:1      | Nato the Hill Orc Fighter began the quest for the Orb.
     0 | D:1      | Reached XP level 1. HP: 19/19 MP: 1/1
    45 | D:1      | Reached skill level 3 in Axes
   120 | D:1      | Reached XP level 2. HP: 14/26 MP: 2/2
   122 | D:1      | Reached skill level 4 in Axes
   423 | D:1      | Reached XP level 3. HP: 21/31 MP: 3/3
   553 | D:1      | Found a faded altar of an unknown god.
   672 | D:1      | Reached skill level 5 in Axes
  1475 | D:2      | Reached XP level 4. HP: 39/39 MP: 4/4
  1639 | D:2      | Reached skill level 6 in Axes
  1745 | D:2      | Noticed Sigmund
  1757 | D:3      | Found Yggid's Antique Weapon Shoppe.
  1852 | D:3      | Reached XP level 5. HP: 30/45 MP: 5/5
  1861 | D:3      | Reached skill level 7 in Axes
  1868 | D:3      | Killed from afar by an orc priest

Illustrated notes

Levels and vault maps discovered:
D:1:      ldierk_walled_garden, layout_basic,
          hellmonk_ecumenical_altar_arch_garden, st_stairs_8,
          minmay_close_crescents
D:2:      layout_loops_ring, uniq_sigmund
D:3:      layout_basic, serial_shops, nicolae_lakefront_shop

Skill      XL: |  1  2  3  4  5 |
---------------+----------------+-----
Axes           | 3 4 5 6 7 |  7.1
Fighting       | |  3.6
Armour         | |  3.2
Shields        | |  3.2

Action                   |  1- 3 |  4- 6 || total
-------------------------+-------+-------++-------
Melee: War axe           |    86 |    38 ||   124
 Fire: Sling             |       |    13 ||    13
Armor: Scale mail        |    37 |    14 ||    51
Dodge: Dodged            |    42 |    18 ||    60
Block: Buckler           |    16 |     5 ||    21

Table legend: (Time is in decaauts)
 A = Elapsed time spent in this place.
 B = Non-inter-level travel time spent in this place.
 C = Inter-level travel time spent in this place.
 D = Time resting spent in this place.
 E = Time spent auto-exploring this place.
 F = Levels seen in this place.
 G = Mean time per level.
                   A        B        C        D        E       F      G
               +--------+--------+--------+--------+--------+-----+--------+
         Total |   1910 |   1899 |     11 |     67 |   1521 |   3 |  636.7 |
       Dungeon |   1910 |   1899 |     11 |     67 |   1521 |   3 |  636.7 |
               +--------+--------+--------+--------+--------+-----+--------+

Top non-repeatable levels by time:
     D:1: 1451 daAuts
     D:2: 332 daAuts
     D:3: 127 daAuts
